 Dungeon Crawl Stone Soup version 0.28-a0-477-g0b43c73ce0 (webtiles) character file.

Game seed: 17788301715124206044

312 Dabor the Skirmisher (level 6, -6/49 HPs)
             Began as a Formicid Abyssal Knight on Sept 17, 2021.
             Was a Priest of Lugonu.
             Killed by divine providence
             ... invoked by an orc priest
              (16 damage)
             ... on level 4 of the Dungeon.
             The game lasted 00:09:42 (4386 turns).

Dabor the Skirmisher (Formicid Abyssal Knight)      Turns: 4386, Time: 00:09:43

Health: -6/49      AC: 15    Str: 19    XL:     6   Next: 70%
Magic:  9/9        EV:  6    Int: 11    God:    Lugonu [***...]
Gold:   85         SH:  0    Dex: 10    Spells: 5/5 levels left

rFire   . . .      SeeInvis +   a - +2 spear
rCold   . . .      Faith    .   (no shield)
rNeg    . . .      Spirit   .   o - +3 plate armour
rPois   .          Reflect  .   (helmet unavailable)
rElec   .          Harm     .   (no cloak)
rCorr   .          Rampage  .   (no gloves)
Will    .....                   h - +0 pair of boots
Stlth   ..........              f - amulet of magic regeneration
HPRegen 0.16/turn               (no ring)
MPRegen 0.36/turn               (no ring)

@: no status effects
A: permanent stasis, dig shafts and tunnels, antennae 3, four strong arms
a: Dig, Shaft Self, Renounce Religion, Depart the Abyss, Bend Space, Banish


You were on level 4 of the Dungeon.
You worshipped Lugonu.
Lugonu was most pleased with you.
You visited 1 branch of the dungeon, and saw 4 of its levels.
You visited the Abyss 1 time.

You collected 85 gold pieces.

Inventory:

Hand Weapons
 a - a +2 spear (weapon)
Armour
 b - a +0 leather armour
 h - a +0 pair of boots (worn)
 o - a +3 plate armour (worn)
Jewellery
 f - an amulet of magic regeneration (around neck)
 r - an amulet of guardian spirit
Wands
 m - a wand of charming (3)
 q - a wand of flame (22)
 u - a wand of iceblast (9)
Scrolls
 g - 4 scrolls of identify
 p - a scroll of holy word {unknown}
 s - a scroll of magic mapping {unknown}
Potions
 c - a potion of magic {unknown}
 d - a potion of berserk rage {unknown}
 e - a potion of might {unknown}
 i - a potion of attraction {unknown}
 j - 2 potions of ambrosia
 k - a potion of curing {unknown}
 l - a potion of flight {unknown}
 n - a potion of mutation
 t - a potion of cancellation {unknown}


   Skills:
 + Level 4.5 Fighting
 + Level 3.3 Polearms
 + Level 3.7 Armour
 + Level 2.4 Dodging
 + Level 4.0 Invocations


You had 5 spell levels left.
You didn't know any spells.
Your spell library contained the following spells:

 Spells                   Type           Power      Damage    Failure   Level
 Sting                    Tmut/Pois      0%         1d3       100%        1
 Poisonous Vapours        Pois/Air       0%         N/A       100%        2
 Slow                     Hex            0%         N/A       100%        2
 Confusing Touch          Hex            0%         N/A       100%        3
 Lesser Beckoning         Tloc           0%         N/A       100%        3
 Vampiric Draining        Necr           0%         2d6       100%        3
 Olgreb's Toxic Radiance  Pois           0%         N/A       100%        4
 Manifold Assault         Tloc           0%         N/A       100%        5
 Blink                    Tloc           Unusable   N/A       N/A         2

Dungeon Overview and Level Annotations

Branches:
Dungeon (4/15)             Temple (0/1) D:4

Altars:

Shops:
D:2 [


Innate Abilities, Weirdness & Mutations

You cannot be hasted, slowed, berserked, paralysed or teleported.
You can dig through walls and to a lower floor.
You have a pair of large antennae on your head. (SInv)
Your four strong arms can wield two-handed weapons with a shield.


Message History

The orc priest hits you from afar with a +0 trident.
An orc priest is nearby!
You reach to attack!
Your plate armour prevents you from hitting the orc priest.
The orc priest is severely wounded.
The orc priest invokes the aid of Beogh against you.
Beogh smites you!
An orc priest is nearby!
You reach to attack!
You hit the orc priest.
The orc priest is almost dead.
The orc priest mumbles some strange prayers to Beogh against you.
Pain shoots through your body!
An orc priest is nearby!
You are too injured to fight recklessly!
An orc priest is nearby!
You are too injured to fight recklessly!
An orc priest is nearby!
Reach: a) +2 spear
Press: ? - help, Dir - move target, f/p - orc priest
Aim: an orc priest, wielding a +0 trident and wearing a +1 chain mail of fire resistance (almost dead, about 31% to evade your +2 spear)
You reach to attack!
You hit the orc priest.
The orc priest is almost dead.
The orc priest hits you from afar with a +0 trident.
* * * LOW HITPOINT WARNING * * *
Reach: a) +2 spear
Press: ? - help, Dir - move target, f/p - orc priest
Aim: an orc priest, wielding a +0 trident and wearing a +1 chain mail of fire resistance (almost dead, about 29% to evade your +2 spear)
You reach to attack!
You hit the orc priest but do no damage.
The orc priest is almost dead.
The orc priest casts a cantrip, but nothing happens.
Reach: a) +2 spear
Press: ? - help, Dir - move target, f/p - orc priest
Aim: an orc priest, wielding a +0 trident and wearing a +1 chain mail of fire resistance (almost dead, about 30% to evade your +2 spear)
You reach to attack!
You hit the orc priest but do no damage.
The orc priest is almost dead.
The orc priest calls down the wrath of Beogh upon you.
Beogh smites you!
You die...

#.# #..# #.
####'#####.## #. #
#........#..# #. .
#........##.# #. .
#........##.# ##
#########......##.## #
#.......'......##..# #
#.....###......###.###
#....@# #......# #..##
#....)# #......# ##.#.
#...o.# #......# #.#.
#.....# ######## #.#.
#.....# #..# .'.....#
##.#
###.....##############..
..................###.
....................


You could see an orc priest.

Vanquished Creatures
  A scorpion (D:4)
  2 orc wizards (D:3)
  Robin (D:3)
  7 adders
  4 worms
  A dart slug (D:4)
  11 orcs
  8 bats
  6 endoplasms
  3 giant cockroaches
  11 goblins
  15 hobgoblins
  8 jackals
  5 kobolds
  2 quokkas (D:2)
  7 ball pythons
  5 rats
97 creatures vanquished.

Notes
Turn   | Place    | Note
-------+----------+-------------------------------------------
     0 | Abyss:1  | Dabor the Formicid Abyssal Knight began the quest for the
                  | Orb.
     0 | Abyss:1  | Reached XP level 1. HP: 18/18 MP: 2/2
    55 | Abyss:1  | Noticed a wretched star
    62 | Abyss:1  | Noticed a large abomination
    66 | Abyss:1  | Noticed a glowing orange brain
    68 | D:1      | Escaped the Abyss
   107 | D:1      | Reached skill level 1 in Dodging
   162 | D:1      | Reached * piety under Lugonu
   170 | D:1      | Reached XP level 2. HP: 8/24 MP: 3/3
   872 | D:1      | Reached XP level 3. HP: 29/29 MP: 4/4
  1318 | D:1      | Found a faded altar of an unknown god.
  1546 | D:2      | Reached ** piety under Lugonu
  1547 | D:2      | Reached XP level 4. HP: 29/37 MP: 6/6
  1879 | D:2      | Found Kegg's Armour Shop.
  2373 | D:2      | Reached XP level 5. HP: 38/42 MP: 7/7
  2670 | D:3      | Noticed Robin
  2731 | D:3      | Killed Robin
  3172 | D:3      | Reached XP level 6. HP: 28/48 MP: 8/8
  3190 | D:3      | Reached *** piety under Lugonu
  3825 | D:4      | Found a staircase to the Ecumenical Temple.
  4386 | D:4      | Killed from afar by an orc priest

Illustrated notes

Levels and vault maps discovered:
D:1:      eino_arrival_cavern_a, layout_loops_cross,
          shapermc_ecumenical_altar_totnotflames
D:2:      minmay_skewed_foursquare, layout_rooms, serial_shops, shop
D:3:      layout_basic, uniq_robin
D:4:      layout_basic, temple_green

Skill      XL: |  1  2  3  4  5  6 |
---------------+-------------------+-----
Dodging        | 1 2 |  2.4
Invocations    | 3 4 |  4.0
Armour         | 3 |  3.7
Fighting       | 4 |  4.5
Polearms       | 3 |  3.3

Action                   |  1- 3 |  4- 6 || total
-------------------------+-------+-------++-------
Melee: Spear             |   146 |   273 ||   419
Invok: Depart the Abyss  |     1 |       ||     1
       Bend Space        |       |     1 ||     1
 Abil: Dig               |       |    19 ||    19
  Use: Scroll            |       |     5 ||     5
Armor: Leather armour    |    54 |     7 ||    61
       Plate armour      |       |   113 ||   113
Dodge: Dodged            |   108 |    74 ||   182

Table legend: (Time is in decaauts)
 A = Elapsed time spent in this place.
 B = Non-inter-level travel time spent in this place.
 C = Inter-level travel time spent in this place.
 D = Time resting spent in this place.
 E = Time spent auto-exploring this place.
 F = Levels seen in this place.
 G = Mean time per level.
                   A        B        C        D        E       F      G
               +--------+--------+--------+--------+--------+-----+--------+
         Total |   4371 |   4250 |    121 |   1007 |   2418 |   5 |  874.2 |
       Dungeon |   4303 |   4182 |    121 |   1007 |   2373 |   4 | 1075.8 |
         Abyss |     68 |     68 |      0 |      0 |     45 |   1 |   68.0 |
               +--------+--------+--------+--------+--------+-----+--------+

Top non-repeatable levels by time:
     D:1: 1442 daAuts
     D:2: 1089 daAuts
     D:3: 1053 daAuts
     D:4: 718 daAuts
 Abyss:1: 68 daAuts
